 Dungeon Crawl Stone Soup version 0.19.0-23-gf02e663 (webtiles) character file.

185 sugabear the Cutter (level 5, -1/26 HPs)
             Began as a Vine Stalker Gladiator on Nov 19, 2016.
             Slain by an iguana (7 damage)
             ... on level 4 of the Dungeon.
             The game lasted 00:02:33 (1913 turns).

sugabear the Cutter (Vine Stalker Gladiator)        Turns: 1913, Time: 00:02:34

Health: -1/26      AC:  7    Str: 17    XL:     5   Next: 64%
Magic:  0/6        EV: 12    Int:  9    God:
Gold:   97         SH:  0    Dex: 15    Spells: 0 memorised, 4 levels left

rFire  . . .     SeeInvis .     a - +0 rapier
rCold  . . .     Gourm    .     y - +0 ring mail
rNeg   . . .     Faith    .     (no shield)
rPois  .         Spirit   +     c - +0 helmet
rElec  .         Reflect  .     (no cloak)
rCorr  .         Harm     .     (no gloves)
MR     .....                    s - +0 pair of boots
Stlth  +.........               (no amulet)
                                (no ring)
                                (no ring)

@: no status effects
A: fangs 2, regeneration 1, magic shield, antimagic bite, no device heal 3, rot
immunity
a: no special abilities


You were on level 4 of the Dungeon.
You were not hungry.

You visited 1 branch of the dungeon, and saw 4 of its levels.

You collected 97 gold pieces.

Inventory:

Hand Weapons
 a - a +0 rapier (weapon)
 b - a +2 dagger of pain
Missiles
 d - a throwing net (quivered)
Armour
 c - a +0 helmet (worn)
 s - a +0 pair of boots (worn)
 y - a +0 ring mail (worn)
Scrolls
 h - 4 scrolls of identify {unknown}
 i - 2 scrolls of amnesia {unknown}
 n - a scroll of immolation {unknown}
 r - a scroll of random uselessness {unknown}
 u - 2 scrolls of teleportation {unknown}
 v - 2 scrolls of remove curse {unknown}
 w - a scroll of recharging {unknown}
 z - a scroll of fear {unknown}
Potions
 e - 3 potions of curing {unknown}
 l - a potion of flight {unknown}
 m - 2 potions of invisibility {unknown}
 p - a potion of might {unknown}
 q - a potion of cancellation {unknown}
 t - 2 potions of brilliance {unknown}
 x - a potion of heal wounds {unknown}
Comestibles
 f - 2 bread rations
 g - 2 beef jerkies
 j - 3 fruits
 k - a meat ration
 o - a slice of pizza


   Skills:
 + Level 2.1 Fighting
 + Level 4.1 Short Blades
 + Level 2.2 Throwing
 + Level 0.8 Armour
 + Level 3.3 Dodging
 + Level 1.3 Stealth


You had 4 spell levels left.
You didn't know any spells.

Dungeon Overview and Level Annotations

Branches:
Dungeon (4/15)
 Temple: D:4-7

Altars:
Uskayaw

Shops:
D:4 =%

Annotations:
D:4 sugabear's ghost, novice VSGl


Innate Abilities, Weirdness & Mutations

You have extremely sharp teeth.
Your natural rate of healing is unusually fast.
When hurt, damage is shared between your health and your magic reserves.
Your bite disrupts and absorbs the magic of your enemies.
Potions and wands cannot restore your health.
You are immune to rotting.


Message History

The hound is moderately wounded.
The hound struggles against the net.
You hit the hound. You bite the hound, but do no damage.
The hound is severely wounded.
The hound struggles against the net. x2
The net rips apart, and the hound comes free!
You barely miss the hound.
The hound is severely wounded.
The hound closely misses you.
You barely miss the hound. You bite the hound. You drain its power.
You feel invigorated.
The hound is severely wounded.
The hound bites you but does no damage. x2
You hit the hound.
You kill the hound!
Your Short Blades skill increases to level 4!
You hit the iguana. You bite the iguana, but do no damage.
The iguana is heavily wounded.
The iguana bites you!
You die...

#......... #.(......>
#......... ###
#......... ...
#......... ..
#......... .####.#####
#......... ..........#
###l#.$....
..#######.###.'@+......
#...........#+# .....
#.#####.##### ##### #.#
#.# #.# #.# #.# #.


You could see an iguana.

Vanquished Creatures
  A hound (D:4)
  A worker ant (D:4)
  A worker ant zombie (D:4)
  7 adders
  A worm (D:2)
  2 dart slugs
  2 leopard geckos
  An orc (D:3)
  4 giant cockroaches
  4 goblins
  8 hobgoblins
  3 kobolds
  A quokka (D:3)
  A ball python (D:3)
  8 bats
  4 frilled lizards
  4 rats
53 creatures vanquished.

Notes
Turn   | Place    | Note
-------+----------+-------------------------------------------
     0 | D:1      | sugabear the Vine Stalker Gladiator began the quest for the Orb.
     0 | D:1      | Reached XP level 1. HP: 11/11 MP: 2/2
   121 | D:1      | Reached XP level 2. HP: 15/15 MP: 3/3
   454 | D:2      | Reached skill level 3 in Short Blades
   454 | D:2      | Reached XP level 3. HP: 18/18 MP: 4/4
   538 | D:2      | Found a hide-covered altar of Uskayaw.
   646 | D:2      | Gained mutation: Your natural rate of healing is unusually fast. [Vine Stalker growth]
   646 | D:2      | Reached XP level 4. HP: 11/23 MP: 5/5
  1103 | D:3      | Reached skill level 1 in Stealth
  1371 | D:3      | Reached XP level 5. HP: 26/26 MP: 6/6
  1724 | D:4      | Found Noal's Jewellery Emporium.
  1786 | D:4      | Noticed sugabear's ghost (novice VSGl)
  1880 | D:4      | Found Sumuis's Food Shop.
  1912 | D:4      | Reached skill level 4 in Short Blades
  1913 | D:4      | Slain by an iguana

Skill      XL: |  1  2  3  4  5 |
---------------+----------------+-----
Throwing       | 2 |  2.2
Short Blades   | 3 4 |  4.1
Dodging        | 3 |  3.3
Stealth        | 1 |  1.3
Fighting       | 2 |  2.1
Armour         | |  0.8

Action                   |  1- 3 |  4- 6 || total
-------------------------+-------+-------++-------
Melee: Rapier            |    70 |    96 ||   166
       Bite              |    12 |    28 ||    40
       Dagger            |       |    13 ||    13
Throw: Throwing net      |       |     2 ||     2
 Stab: Sleeping          |       |     3 ||     3
  Eat: Chunk             |       |     3 ||     3
Armor: Leather armour    |    20 |     9 ||    29
       Ring mail         |       |    39 ||    39
Dodge: Dodged            |    51 |    60 ||   111
